Map: World of Sleepers LE

Players

pHARM

  • Race: Zerg Zerg
  • League: Platinum
  • Spawn Location: 1:00

eNVy - Winner!

  • Race: Terran Terran
  • League: Platinum
  • Spawn Location: 7:00

VOD

Have the link to the VOD?

Description

Time

  • Played on: Aug. 25, 2019, 6:59 a.m.
  • Length: 10:35
Show
View Real Time Build Order
Export as new Build Order

pHARM Zerg 

Build Orders: Hatch First 

Get SALT Encoding   

  12  0:01  Drone  
  13  0:14  Overlord  
  13  0:17  Drone  
  14  0:35  Drone x2  
  16  0:42  Drone  
  17  0:52  Drone  
  18  1:05  Drone  
  18  1:06  Hatchery  
  18  1:20  Spawning Pool  
  18  1:24  Drone x2  
  19  1:40  Drone  
  19  1:45  Extractor  
  19  1:48  Drone  
  20  1:58  Overlord  
  20  2:15  Drone x2  
  22  2:16  Queen  
  22  2:18  Queen  
  26  2:29  Overlord  
  26  2:30  Drone x2  
  28  2:41  Drone  
  28  2:42  Drone  
  30  2:46  Drone  
  31  2:52  Queen  
  31  2:54  Queen  
  34  3:04  Drone  
  34  3:05  Drone  
  36  3:07  Metabolic Boost  
  36  3:19  Overlord x2  
  36  3:28  Lair  
  36  3:37  Queen  
  36  3:39  Drone  
  36  3:40  Drone x6  
  45  3:54  Drone x5  
  50  4:15  Extractor  
  49  4:17  Extractor  
  49  4:20  Evolution Chamber  
  49  4:23  Baneling Nest  
  46  4:25  Roach Warren  
  46  4:27  Drone  
  46  4:28  Drone x6  
  46  4:30  Overlord x2, Evolution Chamber  
  51  4:48  Queen x2  
  55  4:54  Spore Crawler  
  55  4:55  Spore Crawler x2  
  55  4:58  Spore Crawler  
  55  4:59  Drone x3  
  55  5:00  Drone  
  55  5:05  Spore Crawler  
  55  5:06  Spore Crawler  
  53  5:07  Spore Crawler  
  53  5:08  Spore Crawler x2, Drone x2  
  52  5:48  Zerg Ground Armor Level 1  
  52  5:55  Drone  
  52  5:56  Drone x2  
  55  6:13  Hatchery  
  55  6:18  Centrifical Hooks  
  54  6:32  Hydralisk Den  
  53  6:38  Nydus Network, Roach  
  53  6:39  Roach x7  
  68  6:40  Overlord x5  
  68  6:41  Overlord x2  
  68  7:02  Extractor  
  68  7:05  Grooved Spines  
  67  7:12  Roach  
  67  7:13  Roach x5  
  67  7:14  Nydus Network  
  76  7:32  Roach  
  76  7:33  Roach x5  
  80  7:43  Zergling x12  
  80  7:44  Zergling x2  
  87  7:57  Hydralisk, Baneling Nest  
  87  7:58  Hydralisk  
  83  8:17  Muscular Augments  
  64  8:24  Zergling x12  
  64  8:25  Zergling x8  
  60  8:48  Baneling x17  
  58  8:49  Zergling x4  
  60  9:02  Extractor  
  58  9:05  Extractor  
  43  9:29  Zergling x12  
  47  9:51  Baneling x7  
  40  10:07  Zergling x12  
  45  10:17  Zergling x10  
  45  10:18  Zergling x2  
Show
View Real Time Build Order
Export as new Build Order

eNVy Terran - Winner!

Build Orders: Reaper Expand 

Get SALT Encoding   

  12  0:00  SCV  
  13  0:13  SCV  
  14  0:19  Supply Depot  
  14  0:25  SCV  
  15  0:41  SCV  
  16  0:44  Barracks  
  16  0:53  SCV  
  16  0:56  Refinery  
  17  1:05  SCV  
  18  1:19  SCV  
  19  1:33  Orbital Command  
  19  1:38  Reaper  
  20  1:49  Command Center  
  20  2:00  SCV  
  20  2:01  Supply Depot  
  21  2:16  Marine, Factory  
  21  2:21  SCV  
  23  2:23  Refinery  
  23  2:35  Barracks Reactor  
  23  2:41  SCV  
  24  2:53  SCV  
  25  3:05  SCV  
  25  3:12  Starport  
  25  3:15  Orbital Command  
  25  3:19  Hellion x2  
  29  3:23  Barracks Tech Lab  
  29  3:28  SCV  
  30  3:41  SCV  
  30  3:42  SCV, Supply Depot  
  32  3:49  Hellion x2  
  32  3:50  Marine, Viking  
  32  3:52  Stimpack  
  32  3:55  SCV x2  
  41  4:04  Supply Depot  
  41  4:08  SCV x2  
  43  4:18  Barracks  
  43  4:21  Barracks  
  43  4:22  Starport Reactor  
  43  4:30  Factory Tech Lab  
  43  4:32  Marine  
  43  4:38  Supply Depot  
  44  4:49  SCV x2  
  44  4:50  Marine  
  44  4:52  Siege Tank  
  50  5:00  Supply Depot  
  50  5:01  SCV x2  
  50  5:03  Refinery  
  50  5:06  Engineering Bay  
  52  5:09  Engineering Bay  
  52  5:13  SCV x2  
  54  5:22  Supply Depot  
  54  5:23  Marine  
  54  5:24  Marine x2  
  54  5:25  Siege Tank, SCV x2  
  54  5:28  Marine x2  
  64  5:31  Starport Reactor  
  64  5:33  Supply Depot  
  64  5:35  Terran Infantry Weapons Level 1  
  64  5:36  Terran Infantry Armor Level 1  
  64  5:37  SCV x2  
  66  5:43  Marine x2  
  66  5:44  Marine  
  66  5:49  SCV x2  
  71  5:50  Supply Depot  
  71  5:53  Supply Depot  
  71  5:56  Marine x2  
  73  5:59  Combat Shield  
  73  6:01  Marine  
  74  6:04  Marine x2  
  74  6:05  Siege Tank  
  74  6:07  SCV  
  80  6:14  Marine  
  80  6:15  Supply Depot  
  81  6:18  SCV  
  81  6:21  Marine x2  
  81  6:22  Marine  
  81  6:23  Medivac x2  
  81  6:25  Marine  
  90  6:33  Marine  
  90  6:38  Siege Tank  
  90  6:39  Marine x2  
  96  6:40  Marine  
  97  7:02  Marine  
  97  7:03  Marine x4  
  97  7:04  Medivac x2  
  106  7:20  Marine  
  106  7:21  Marine x2  
  100  7:42  Marine  
  100  7:43  Marine x4  
  105  7:44  Siege Tank, Medivac x2  
  111  8:00  Marine x2  
  90  8:28  Marine x2  
  90  8:29  Marine x3  
  90  8:30  Siege Tank, Medivac  
  100  8:46  Marine x4  
  100  8:47  Marine  
  105  9:02  Siege Tank  
  108  9:04  Marine x5  
  96  9:22  Marine x5  
  95  9:34  Siege Tank, Medivac x2  
  102  9:40  Marine x5  
  107  9:57  Marine x2  
  107  9:58  Marine x3  
  115  10:15  Marine x3  
Tags
 
Add a new tag
Caveats
  • Supply blocks, unpowered buildings, or Contaminate may cause inaccurate times.
  • Supply counts are checked every 10 seconds.